 Dungeon Crawl Stone Soup version 0.21.1-1-g345015f (webtiles) character file.

2243 Lilu the Destroyer (level 9, 0/57 HPs)
             Began as a Deep Elf Conjurer on July 25, 2018.
             Was a Follower of Vehumet.
             Succumbed to a killer bee's poison
             ... on level 7 of the Dungeon.
             The game lasted 00:33:07 (6883 turns).

Lilu the Destroyer (Deep Elf Conjurer)              Turns: 6883, Time: 00:33:07

Health: 0/57       AC:  6    Str:  8    XL:     9   Next: 14%
Magic:  0/19       EV: 22    Int: 24    God:    Vehumet [*.....]
Gold:   255        SH:  0    Dex: 20    Spells: 11/19 levels left

rFire    . . .     SeeInvis .   z - -3 dagger (curse)
rCold    . . .     Gourm    .   (no shield)
rNeg     . . .     Faith    .   y - +2 robe {Archmagi}
rPois    .         Spirit   .   (no helmet)
rElec    .         Reflect  .   (no cloak)
rCorr    .         Harm     +   j - +0 pair of gloves
MR       .....                  r - +0 pair of boots
Stlth    +++.......             l - amulet of harm
HPRegen  0.19/turn              q - +3 ring of intelligence
MPRegen  0.16/turn              (no ring)

@: agile, lethally poisoned (0 -> -18), flying
A: no striking features
a: Renounce Religion


You were on level 7 of the Dungeon.
You worshipped Vehumet.
Vehumet was aware of your devotion.
You were not hungry.

You visited 2 branches of the dungeon, and saw 8 of its levels.

You collected 255 gold pieces.

Inventory:

Hand Weapons
 e - a +0 club
 z - a cursed -3 dagger (weapon)
Missiles
 f - 170 stones (quivered)
Armour
 j - a +0 pair of gloves (worn)
 r - a +0 pair of boots (worn)
 y - a +2 robe of the Archmagi (worn)
 A - +0 ice dragon scales
Jewellery
 l - an amulet of harm (around neck)
 q - a +3 ring of intelligence (left hand)
Wands
 s - a wand of clouds (4)
Scrolls
 a - a scroll of immolation {unknown}
 d - 2 scrolls of magic mapping
 h - a scroll of enchant weapon {unknown}
 k - a scroll of enchant armour {unknown}
 m - a scroll of remove curse {unknown}
 o - 3 scrolls of teleportation {unknown}
 p - 6 scrolls of identify {unknown}
 t - a scroll of fog
 D - a scroll of random uselessness {unknown}
Potions
 g - a potion of curing
 i - 3 potions of flight
 n - a potion of heal wounds {unknown}
 u - a potion of degeneration {unknown}
 w - 2 potions of agility
 x - a potion of haste {unknown}
 B - a potion of might {unknown}
 C - a potion of mutation {unknown}
 E - a potion of lignification {unknown}
Books
 b - a book of Conjurations

   Spells                             Type                      Level
   a - Magic Dart                     Conjuration                  1
   b - Searing Ray                    Conjuration                  2
   c - Dazzling Spray                 Conjuration/Hexes            3
   d - Fulminant Prism                Conjuration/Hexes            4
   e - Force Lance                    Conjuration/Translocation    4
   f - Iskenderun's Mystic Blast      Conjuration                  4
Comestibles
 c - 4 rations
 F - 2 chunks of flesh


   Skills:
 - Level 7.0 Fighting
 * Level 6.0 Dodging
 - Level 2.4 Stealth
 - Level 5.6 Spellcasting
 - Level 8.2 Conjurations


You had 11 spell levels left.
You knew the following spells:

 Your Spells              Type           Power        Failure   Level  Hunger
a - Magic Dart            Conj           ####         1%          1    None
b - Searing Ray           Conj           ######       1%          2    None
c - Iskenderun's Mystic   Conj           ######..     2%          4    ###....
d - Shock                 Conj/Air       ####         1%          1    None


Dungeon Overview and Level Annotations

Branches:
Dungeon (7/15)             Temple (1/1) D:5

Altars:
Cheibriados
Dithmenos
Fedhas
Makhleb
Okawaru
Uskayaw
Vehumet
Zin
The Shining One

Shops:
D:4 =


Message History

The killer bee stings you.
* * * LOW HITPOINT WARNING * * *
You are more poisoned.
The killer bee poisons you!
Casting: Searing Ray
Confirm with . or Enter, or press ? or * to list all spells.
Aiming: Searing Ray
Press: ? - help, Shift-Dir - straight line, f - killer bee
Aim: a killer bee (black smoke, almost dead)
You feel a surge of power!
The searing ray hits the killer bee.
You kill the killer bee!
Vehumet accepts your kill.
Your Dodging skill increases to level 6! (Press . to maintain the ray.)
* * * LOW HITPOINT WARNING * * *
You feel sick. The killer bee closely misses you. The killer bee misses you.
Okay, then.
It was a potion of agility.
You feel agile all of a sudden.
You die...

*#.#####..###.#..###########....#
,.........###...............#....
**#.............................#
*##..#.#..#####..#..†......#.....
,.........#
#..#.##*****#.....#,**,,,,,,**
***,......,,,,,........,*,,,,,,*,
* *..###..,,,,..........*,,,,,,*,
* #..* #..,,,,..........***,,,**,
**#.,**#.,,,,,.......#..,,*,,**,,
,,,,,*,,,,,,,,,,.....#,,,,*****,,


You could see a killer bee and an orc wizard.

Vanquished Creatures
  Grinder (D:6)
  A hornet (D:7)
  A black bear (D:6)
  A phantom (D:6)
  4 ogres
  2 centaurs
  3 bullfrogs
  Blork the orc (D:4)
  A wyvern zombie (D:7)
  2 scorpions
  4 killer bees (D:7)
  2 howler monkeys
  An electric eel (D:6)
  2 crimson imps (D:5)
  A hound (D:5)
  An orc priest (D:5)
  An iguana (D:6)
  3 orc wizards
  A worker ant (D:4)
  A killer bee zombie (D:5)
  3 gnolls (D:3)
  5 adders
  3 adder skeletons
  A worm (D:6)
  A dart slug (D:2)
  A leopard gecko (D:4)
  20 orcs
  7 giant cockroaches
  8 goblins
  6 hobgoblins
  13 jackals
  5 quokkas
  7 bats
  3 frilled lizards
  A giant cockroach zombie (D:6)
  6 kobolds
  A leopard gecko skeleton (D:5)
  A quokka skeleton (D:7)
  6 rats
132 creatures vanquished.

Notes
Turn   | Place    | Note
-------+----------+-------------------------------------------
     0 | D:1      | Lilu the Deep Elf Conjurer began the quest for the Orb.
     0 | D:1      | Reached XP level 1. HP: 10/10 MP: 6/6
   193 | D:1      | Reached XP level 2. HP: 15/15 MP: 4/8
   213 | D:1      | Reached skill level 5 in Conjurations
   828 | D:2      | Learned a level 2 spell: Searing Ray
   899 | D:2      | Reached XP level 3. HP: 19/19 MP: 5/9
  1862 | D:3      | Reached skill level 6 in Conjurations
  2070 | D:3      | Reached XP level 4. HP: 15/24 MP: 0/10
  2705 | D:3      | Learned a level 4 spell: Iskenderun's Mystic Blast
  2953 | D:4      | Noticed an ogre
  3102 | D:4      | Killed an ogre
  3102 | D:4      | Reached skill level 7 in Conjurations
  3102 | D:4      | Reached XP level 5. HP: 28/28 MP: 2/11
  3231 | D:4      | Noticed a centaur
  3553 | D:4      | Killed a centaur
  3553 | D:4      | Reached skill level 8 in Conjurations
  3553 | D:4      | Reached XP level 6. HP: 32/32 MP: 3/12
  3634 | D:4      | Found Umicvi's Jewellery Boutique.
  3754 | D:4      | Noticed Blork the orc
  3757 | D:4      | Killed Blork the orc
  4020 | D:5      | Entered Level 5 of the Dungeon
  4021 | D:5      | Reached skill level 5 in Spellcasting
  4216 | D:5      | Found a staircase to the Ecumenical Temple.
  4225 | Temple   | Entered the Ecumenical Temple
  4252 | Temple   | Became a worshipper of Vehumet
  4317 | D:5      | Reached skill level 1 in Fighting
  4317 | D:5      | Reached XP level 7. HP: 38/38 MP: 12/17
  4429 | D:5      | Found a glowing golden altar of the Shining One.
  5406 | D:5      | Reached * piety under Vehumet
  5406 | D:5      | Offered knowledge of Shock by Vehumet.
  5647 | D:6      | Reached XP level 8. HP: 35/48 MP: 1/18
  5753 | D:6      | Learned a level 1 spell: Shock
  5792 | D:6      | Reached skill level 5 in Fighting
  5858 | D:6      | Noticed Grinder
  5861 | D:6      | Killed Grinder
  6635 | D:7      | Noticed a hornet
  6642 | D:7      | Killed a hornet
  6654 | D:7      | Reached XP level 9. HP: 57/57 MP: 2/19
  6798 | D:7      | Reached skill level 5 in Dodging
  6882 | D:7      | HP: 2/57 [poisoned by a killer bee]
  6883 | D:7      | Succumbed to a killer bee's poison

Skill      XL: |  1  2  3  4  5  6  7  8  9 |
---------------+----------------------------+-----
Conjurations   | 5 6 7 8 |  8.2
Spellcasting   | 5 |  5.6
Fighting       | 1 4 7 |  7.0
Dodging        | 4 6 |  6.0
Stealth        | |  2.4

Action                   |  1- 3 |  4- 6 |  7- 9 || total
-------------------------+-------+-------+-------++-------
Melee: Club              |     7 |       |     1 ||     8
       Dagger            |       |       |     6 ||     6
 Cast: Magic Dart        |    75 |    54 |    51 ||   180
       Searing Ray       |     1 |     4 |    14 ||    19
       Iskenderun's Myst |       |     7 |    34 ||    41
  Use: Scroll            |       |       |     3 ||     3
       Potion            |       |       |     3 ||     3
  Eat: Chunk             |     3 |     5 |     6 ||    14
       Ration            |       |     1 |     2 ||     3
Armor: Robe              |     4 |     1 |    20 ||    25
Dodge: Dodged            |    13 |     6 |    78 ||    97
